 Dungeon Crawl Stone Soup version 0.30-a0-1070-gd49b78fada (webtiles) character file.

Game seed: 3893566796597673604

556049 CrazyBamboolord the Hoplite (level 25, -6/234 (238) HPs)
             Began as a Grey Draconian Artificer on Apr 12, 2023.
             Was a Follower of Uskayaw.
             Killed by a resonance strike
             ... invoked by Zenata
              (27 damage)
             ... on level 1 of the Crypt on Apr 13, 2023.
             The game lasted 02:59:13 (71081 turns).

CrazyBamboolord the Hoplite (DrAr)                 Turns: 71081, Time: 02:59:13

HP:   -6/234 (238)  AC: 28    Str: 15      XL:     25   Next: 20%
MP:   30/30         EV: 29    Int: 18      God:    Uskayaw [*.....]
Gold: 1906          SH: 32    Dex: 22 (23) Spells: 24/24 levels left

rFire   + + +      SeeInvis +    b - +9 sword of Zonguldrok {reap}
rCold   . . .      Faith    .    n - +2 tower shield
rNeg    + + .      Spirit   .    (body armour unavailable)
rPois   +          Reflect  +    U - +2 hat {SInv}
rElec   +          Rampage  .    Z - +2 cloak {rPois}
rCorr   .                        S - +2 pair of gloves
Will    +....                    l - +2 pair of boots
Stlth   +++++                    K - amulet of reflection
HPRegen 0.59/turn                M - ring "Fuleoj" {rF+++ rN+ Int+6}
MPRegen 0.22/turn                p - ring "Huam" {rElec rN+ Str-2 Dex+2 Slay+2}

@: doom-hounded, studying Maces & Flails, lightly drained
A: AC +17, amphibious, unfitting armour, cold-blooded, talons 1
}: 3/15 runes: decaying, serpentine, silver
a: Renounce Religion, Stomp


You were on level 1 of the Crypt.
You worshipped Uskayaw.
Uskayaw was aware of your devotion.
You visited 11 branches of the dungeon, and saw 48 of its levels.
You visited the Abyss 1 time.
You visited 1 bazaar.
You also visited: Ossuary and Bailey.

You collected 8248 gold pieces.
You spent 6342 gold pieces at shops.

Inventory:

Hand Weapons
 a - the +8 scimitar of Ishreshreu {flame, rCorr Str+2 Int+2 Dex+2}
   (You found it on level 4 of the Lair of Beasts)

   Str:       It affects your strength (+2).
   Int:       It affects your intelligence (+2).
   Dex:       It affects your dexterity (+2).
   rCorr:     It protects you from acid and corrosion.
 b - the +9 sword of Zonguldrok (weapon) {reap}
   (You bought it in a shop on level 4 of the Dungeon)
Missiles
 h - 2 throwing nets
Armour
 l - a +2 pair of boots (worn)
 n - a +2 tower shield (worn)
 S - a +2 pair of gloves (worn)
 U - a +2 hat of see invisible (worn)
 X - a +2 kite shield of fire resistance
 Z - a +2 cloak of poison resistance (worn)
Jewellery
 p - the ring "Huam" (right hand) {rElec rN+ Str-2 Dex+2 Slay+2}
   (You bought it in a shop in a bazaar)

   [ring of positive energy]

   Str:       It affects your strength (-2).
   Dex:       It affects your dexterity (+2).
   Slay:      It affects your accuracy & damage with ranged weapons and melee
   (+2).
   rElec:     It insulates you from electricity.
   rN:        It protects you from negative energy.
 K - an amulet of reflection (around neck)
 M - the ring "Fuleoj" (left hand) {rF+++ rN+ Int+6}
   (You bought it in a shop in a bazaar)

   [ring of intelligence]

   Int:       It affects your intelligence (+6).
   rF:        It renders you almost immune to fire.
   rN:        It protects you from negative energy.
 R - a ring of protection from cold
 V - a ring of resist corrosion
Wands
 c - a wand of charming (12) (quivered)
 m - a wand of polymorph (16)
 o - a wand of iceblast (13)
 u - a wand of flame (41)
 D - a wand of paralysis (30)
 E - a wand of mindburst (12)
 G - a wand of acid (27)
 O - a wand of digging (14)
Scrolls
 f - 10 scrolls of teleportation
 z - 14 scrolls of fog
 A - 3 scrolls of enchant armour
 F - 13 scrolls of poison
 J - 4 scrolls of fear
 P - 9 scrolls of magic mapping
 W - a scroll of silence
 Y - 2 scrolls of summoning
Potions
 e - 10 potions of attraction
 g - 2 potions of invisibility
 j - 31 potions of curing
 k - 2 potions of might
 q - 15 potions of mutation
 r - 13 potions of brilliance
 s - 7 potions of heal wounds
 w - 10 potions of lignification
 x - 4 potions of berserk rage
 y - 2 potions of ambrosia
 B - 13 potions of magic
 C - 5 potions of cancellation
 I - 8 potions of flight
 L - 7 potions of haste
 N - 6 potions of resistance
Miscellaneous
 d - a condenser vane
 i - a phial of floods
 t - a tin of tremorstones (2/2)
 H - a box of beasts
 Q - a lightning rod (4/4)
 T - a phantom mirror


   Skills:
 * Level 22.2 Fighting
 - Level 13.5(17.3) Short Blades
 * Level 17.5(19.2) Long Blades
 * Level 21.0 Dodging
 - Level 9.2 Stealth
 * Level 22.3 Shields
 - Level 9.6 Invocations
 * Level 17.0 Evocations


You had 24 spell levels left.
You didn't know any spells.
Your spell library contained the following spells:

 Spells                   Type           Power      Damage    Failure   Level
 Beastly Appendage        Tmut           0%         N/A       34%         1
 Magic Dart               Conj           0%         1d3       34%         1
 Shock                    Conj/Air       0%         1d3       34%         1
 Slow                     Hex            0%         N/A       34%         1
 Sting                    Tmut/Pois      0%         1d3       34%         1
 Summon Small Mammal      Summ           0%         N/A       34%         1
 Blink                    Tloc           0%         N/A       47%         2
 Call Imp                 Summ           0%         N/A       47%         2
 Cigotuvi's Dreadful Rot  Necr/Pois/Air  0%         N/A       47%         2
 Lesser Beckoning         Tloc           0%         N/A       47%         2
 Momentum Strike          Conj/Tloc      0%         3d8       47%         2
 Poisonous Vapours        Pois/Air       0%         N/A       47%         2
 Searing Ray              Conj           0%         2d4       47%         2
 Static Discharge         Conj/Air       0%         2-2/arc   47%         2
 Sublimation of Blood     Necr           0%         N/A       47%         2
 Wereblood                Tmut           0%         N/A       47%         2
 Call Canine Familiar     Summ           0%         N/A       71%         3
 Confusing Touch          Hex            0%         N/A       71%         3
 Gell's Gravitas          Tloc           0%         N/A       71%         3
 Ignite Poison            Fire/Tmut/Pois 0%         N/A       71%         3
 Mephitic Cloud           Conj/Pois/Air  0%         N/A       71%         3
 Portal Projectile        Hex/Tloc       0%         N/A       71%         3
 Spider Form              Tmut/Pois      0%         N/A       71%         3
 Summon Guardian Golem    Hex/Summ       0%         N/A       71%         3
 Swiftness                Air            0%         N/A       71%         3
 Teleport Other           Tloc           0%         N/A       71%         3
 Tukima's Dance           Hex            0%         N/A       71%         3
 Vampiric Draining        Necr           0%         2d6       71%         3
 Vhi's Electric Charge    Tloc/Air       0%         N/A       71%         3
 Volatile Blastmotes      Fire/Tloc      0%         2d10      71%         3
 Airstrike                Air            0%         2d(0-16)  98%         4
 Anguish                  Hex/Necr       0%         N/A       98%         4
 Animate Dead             Necr           0%         N/A       98%         4
 Cause Fear               Hex            0%         N/A       98%         4
 Fulminant Prism          Conj/Hex       0%         3d5       98%         4
 Iskenderun's Mystic Bla  Conj/Tloc      0%         2d3       98%         4
 Manifold Assault         Tloc           0%         N/A       98%         4
 Olgreb's Toxic Radiance  Pois           0%         N/A       98%         4
 Passage of Golubria      Tloc           0%         N/A       98%         4
 Petrify                  Tmut/Erth      0%         N/A       98%         4
 Sticky Flame             Conj/Fire      0%         2d3       98%         4
 Summon Ice Beast         Ice/Summ       0%         N/A       98%         4
 Summon Lightning Spire   Summ/Air       0%         N/A       98%         4
 Arcjolt                  Conj/Air       0%         1d10      100%        5
 Blade Hands              Tmut           0%         N/A       100%        5
 Fireball                 Conj/Fire      0%         3d3       100%        5
 Freezing Cloud           Conj/Ice/Air   0%         6-21      100%        5
 Irradiate                Conj/Tmut      0%         3d11      100%        5
 Iskenderun's Battlesphe  Conj           0%         2d6       100%        5
 Lee's Rapid Deconstruct  Erth           0%         3d4*      100%        5
 Metabolic Englaciation   Hex/Ice        0%         N/A       100%        5
 Silence                  Hex/Air        0%         N/A       100%        5
 Summon Forest            Summ/Tloc      0%         N/A       100%        5
 Summon Mana Viper        Hex/Summ       0%         N/A       100%        5
 Yara's Violent Unravell  Hex/Tmut       0%         3d3       100%        5
 Conjure Ball Lightning   Conj/Air       0%         3x3d6     100%        6
 Dispersal                Tloc           0%         N/A       100%        6
 Eringya's Noxious Bog    Tmut/Pois      0%         N/A       100%        6
 Plasma Beam              Fire/Air       0%         2x1d11    100%        6
 Statue Form              Tmut/Erth      0%         N/A       100%        6
 Summon Cactus Giant      Summ           0%         N/A       100%        6
 Dragon Form              Tmut           0%         N/A       100%        7
 Enfeeble                 Hex            0%         N/A       100%        7
 Haunt                    Necr/Summ      0%         N/A       100%        7
 Malign Gateway           Summ/Tloc      0%         N/A       100%        7
 Monstrous Menagerie      Summ           0%         N/A       100%        7
 Orb of Destruction       Conj           0%         9d5       100%        7
 Storm Form               Tmut/Air       0%         N/A       100%        7
 Borgnjor's Revivificati  Necr           0%         N/A       100%        8
 Discord                  Hex            0%         N/A       100%        8
 Disjunction              Tloc           0%         N/A       100%        8
 Ignition                 Fire           0%         3d3       100%        8
 Infestation              Necr           0%         N/A       100%        8
 Lehudib's Crystal Spear  Conj/Erth      0%         10d2      100%        8
 Necromutation            Tmut/Necr      0%         N/A       100%        8
 Summon Horrible Things   Summ           0%         N/A       100%        8
 Death's Door             Necr           0%         N/A       100%        9
 Dragon's Call            Summ           0%         N/A       100%        9


Dungeon Overview and Level Annotations

Branches:
Dungeon (15/15)            Temple (1/1) D:7            Lair (5/5) D:8
  Swamp (4/4) Lair:3        Snake (4/4) Lair:3        Slime (0/5) Lair:5
    Orc (2/2) D:10            Elf (3/3) Orc:2        Vaults (5/5) D:13
  Crypt (1/3) Vaults:3     Depths (4/4) D:15            Zot (4/5) Depths:4
Ossuary (visited)          Bailey (visited)

Altars:
Ashenzari
Cheibriados
Dithmenos
Elyvilon
Fedhas
Gozag
Hepliaklqana
Kikubaaqudgha
Makhleb
Nemelex Xobeh
Okawaru
Qazlal
Ru
Sif Muna
Trog
Uskayaw
Vehumet
Wu Jian
Xom
Yredelemnul
Zin
The Shining One

Shops:
D:2 (   D:3 (   D:4 **   D:5 (   D:6 *   D:10 (!   D:11 !=?*   D:14 (
Orc:2 :**=   Elf:2 =::   Elf:3 [   Snake:1 (!   Snake:3 [((::   Vaults:1 [
Vaults:3 (

Portals:
Hell: Depths:1 Depths:2 Depths:3 Depths:4
Abyss: Depths:3 Depths:4
Pandemonium: Depths:2
Ziggurat: Depths:2

Annotations:
D:12 1 runed translucent door
D:13 1 runed translucent door
Elf:2 3 runed translucent doors
Crypt:1 Grunn, Zenata
Depths:1 1 runed translucent door


Innate Abilities, Weirdness & Mutations

Your dull iron-grey scales are very hard. (AC +17)
You are amphibious.
You cannot fit into any form of body armour.
You are cold-blooded and may be slowed by cold attacks.
You have sharp toenails.


Message History

* * * LOW HITPOINT WARNING * * *
You feel clumsy. You block the putrid mouth's attack.
The putrid mouth claws you but does no damage.
The putrid mouth attacks as you move away!
You block the putrid mouth's attack. The putrid mouth completely misses you.
The tormentor is no longer paralysed.
The doom hound unleashes a terrible howl, and it begins to echo in your mind!
You hear a shout!
The bone dragon is no longer sharing its pain.
The iron troll skeleton is no longer sharing its pain.
The putrid mouth howls a warning cry!
You hear a shout! x2
A jiangshi comes into view.
A bone dragon comes into view.
The doom hound stops to sniff the ground.
You can no longer pass through a line of other dancers.
The bone dragon attacks as you move away!
You block the bone dragon's attack. x3
The tormentor is no longer sharing its pain.
Zenata, Seeker of Sheza comes into view.
She is wielding a +5 triple sword.
The tormentor calls on the powers of darkness!
Your body is wracked with pain!
* * * LOW HITPOINT WARNING * * *
You block the jiangshi's attack.
The jiangshi claws you but does no damage.
A bone dragon comes into view.
The bone dragon attacks as you move away!
You block the bone dragon's attack. x2
The bone dragon tramples you but does no damage.
The jiangshi closely misses you. The jiangshi claws you!
* * * LOW HITPOINT WARNING * * *
The putrid mouth throws miasma at you.
The foul vapour engulfs the jiangshi.
The jiangshi completely resists.
The tormentor calls on the powers of darkness!
Your body is wracked with pain!
* * * LOW HITPOINT WARNING * * *
Zenata points at you and mumbles some strange words.
A blast of power from the earth strikes you!
You die...

##...## #.....#
#.......... ##...##
#........... #.....#
#........... ##...##
#........... #.....#
#........... ##...##
#...........
.####''○####...........
.......@○DD...)........
......⌠.○V○.....########
........○○☼°....'......#
...a...1○..D°...#......#
.............W[.#......#
...............gh#......#
..............h2........
..............#.........
..........###........


You could see Grunn, 3 bone dragons, Zenata, a doom hound, a Tzitzimitl, a
putrid mouth (catching breath) and a jiangshi.

Vanquished Creatures
  An orb of fire (Zot:2)
  2 juggernauts
  The ghost of Sorch the Gargoyle Porcupine, a legendary GrMo of Okawaru (Zot:4)
  Boris (Vaults:4)
  Bai Suzhen (Swamp:3)
  A curse toe (Zot:2)
  A Killer Klown (Zot:3)
  3 caustic shrikes
  10 golden dragons
  Nikola (Elf:1)
  A doom hound (Crypt:1)
  15 tentacled monstrosities
  An electric golem (Zot:1)
  2 liches
  4 titans
  3 deep elf blademasters
  7 quicksilver dragons
  Mlioglotl (Snake:2)
  2 deep elf master archers (Elf:3)
  3 walking frostbound tomes
  The ghost of Ophim the Wrestler, an adept TrFi of Wu Jian (Snake:1)
  2 tentacled starspawn (Abyss:2)
  Frances (Snake:2)
  7 death cobs
  Gastronok (D:12)
  2 thorn hunters (Snake:3)
  3 tengu reavers
  Donald (Vaults:4)
  6 nagarajas (Snake:4)
  Roxanne (Elf:1)
  8 storm dragons
  A daeva (Depths:1)
  12 shadow dragons
  7 draconian knights
  4 draconian monks
  2 frost giants (Depths:2)
  3 iron dragons
  6 deep elf sorcerers
  12 fire giants
  Aizul (Snake:2)
  A ghost moth (Zot:3)
  14 vault wardens
  A draconian shifter (Zot:4)
  Louise (Swamp:2)
  A curse skull (Vaults:3)
  4 draconian annihilators
  4 ghouls (Swamp:4)
  2 draconian stormcallers
  2 orc warlords
  3 spriggan defenders
  8 draconian scorchers
  13 stone giants
  18 ironbound preservers
  4 deep elf elementalists (Elf:3)
  4 war gargoyles
  12 very ugly things
  An ironbound thunderhulk (Vaults:2)
  3 eleionomae
  11 black draconians
  5 white draconians
  A putrid mouth (Crypt:1)
  14 red draconians
  3 deep elf demonologists
  9 green draconians
  5 vampire knights
  4 bunyips
  Nessos (D:14)
  Azrael (Orc:2)
  7 deep elf annihilators (Elf:3)
  4 yellow draconians
  4 spark wasps
  15 purple draconians
  5 deep elf death magi
  16 ettins
  5 dire elephants
  Snorg (D:12)
  8 fire dragons
  Josephine (Lair:5)
  3 shambling mangroves
  A crystal guardian (Vaults:4)
  11 yaktaur captains
  Fannar (Lair:2)
  An entropy weaver (Vaults:3)
  8 great orbs of eyes
  9 ice dragons
  2 merfolk impalers
  6 deep elf high priests
  4 jiangshi
  A rakshasa (Depths:1)
  A salamander tyrant (Snake:4)
  31 vault guards
  2 ogre magi
  2 peacekeepers
  Harold (Lair:1)
  4 spriggan air magi
  A ghost crab (Swamp:3)
  17 hydras
  A merfolk avatar (Lair:5)
  4 anacondas
  A catoblepas (Lair:5)
  A death knight (Vaults:3)
  6 ironbound frosthearts
  17 naga warriors
  A death yak (Lair:2)
  9 dancing weapons
  8 centaur warriors
  6 two-headed ogres
  6 deep troll shamans
  4 boulder beetles
  2 vampire magi
  8 deep troll earth magi
  A two-headed ogre (shapeshifter) (Abyss:2)
  4 tengu warriors
  4 alligators
  4 shock serpents
  6 orc high priests
  2 spriggan berserkers
  4 hell knights
  A sun demon (Abyss:2)
  12 deep elf knights
  4 wretched stars (Abyss:2)
  9 naga sharpshooters
  6 iron trolls
  A skyshark (Lair:4)
  4 thrashing horrors (Abyss:2)
  Amaemon (D:8)
  4 skeletal warriors
  A shadow wraith (Vaults:2)
  3 salamander mystics
  A sixfirhy (Abyss:2)
  12 swamp dragons
  A goliath frog (shapeshifter) (Vaults:5)
  2 death drakes (Depths:4)
  2 goliath frogs
  2 sea snakes (Snake:2)
  5 glowing orange brains
  4 lindwurms
  66 deep trolls
  6 naga ritualists
  4 phantasmal warriors
  5 bog bodies
  10 deep elf archers
  6 spriggan druids
  6 harpies
  9 ironbound convokers
  20 deep elf zephyrmancers
  4 wizards
  Pikel (D:8)
  5 orc knights
  3 starcursed masses (Abyss:2)
  2 necromancers
  24 deep elf pyromancers
  9 mana vipers
  A fire giant zombie (Depths:1)
  2 manticores (D:14)
  43 ugly things
  6 salamanders
  3 orc sorcerers
  14 moths of wrath
  A moth of wrath (shapeshifter) (Vaults:5)
  A worldbinder (Abyss:2)
  27 black mambas
  2 will-o-the-wisps
  18 vault sentinels
  5 cyclopes
  A black mamba (shapeshifter) (Elf:2)
  17 elephants
  2 rust devils
  19 naga magi
  An apocalypse crab (Abyss:2)
  3 orange demons
  9 cane toads
  A titan simulacrum (Abyss:2)
  2 smoke demons (Abyss:2)
  A guardian serpent (Snake:3)
  2 torpor snails
  A dire elephant skeleton (Crypt:1)
  A gargoyle (D:12)
  5 rime drakes
  5 unseen horrors
  A rime drake (shapeshifter) (D:13)
  14 komodo dragons
  A kobold demonologist (D:10)
  3 guardian mummies (Crypt:1)
  The ghost of Pascal76 the Cudgeller, a novice GrBe of Trog (D:4)
  A yaktaur zombie (Vaults:4)
  2 komodo dragons (shapeshifter)
  4 ancient zymes (Abyss:2)
  35 yaktaurs
  3 elves (Elf:1)
  A redback zombie (Vaults:3)
  A yaktaur skeleton (Vaults:4)
  3 tengu conjurers (Depths:4)
  9 trolls
  11 hornets
  7 polar bears
  A wind drake (Lair:5)
  9 tyrant leeches
  A hornet (shapeshifter) (Elf:3)
  Prince Ribbit (D:8)
  5 blink frogs
  13 dream sheep
  A frost giant simulacrum (Vaults:4)
  2 snapping turtles (Lair:5)
  An air elemental (Elf:2)
  A jumping spider (Vaults:3)
  A vampire (D:11)
  Sigmund (D:3)
  9 water elementals
  21 slime creatures
  2 ettin skeletons (Depths:1)
  8 spriggans
  3 ynoxinuls (Abyss:2)
  A centaur simulacrum (D:14)
  7 wyverns
  37 yaks
  7 wraiths
  6 fire elementals
  10 small abominations
  15 humans
  2 basilisks
  2 steam dragons
  8 redbacks
  3 wargs
  26 vampire mosquitoes
  A neqoxec (Abyss:2)
  4 chaos spawn
  2 swamp worms (shapeshifter)
  10 swamp worms
  2 acid dragons
  50 nagas
  11 large abominations
  19 water moccasins
  A floating eye (Depths:2)
  6 hell hounds
  30 orc warriors
  4 swamp drakes
  A human skeleton (Depths:1)
  3 sky beasts (D:7)
  3 ice beasts
  8 black bears
  5 ogres
  A black bear (shapeshifter) (Elf:2)
  14 wolves
  A boggart (shapeshifter) (Depths:3)
  A tengu (shapeshifter) (Depths:2)
  7 centaurs
  3 phantoms
  2 kobold brigands
  A lemure (D:8)
  A gnoll sergeant (D:7)
  12 bullfrogs
  4 scorpions
  3 earth elementals (Elf:2)
  A warg zombie (Elf:3)
  5 killer bees (D:10)
  7 electric eels
  4 howler monkeys
  4 hounds
  A quasit (Abyss:2)
  4 human zombies (Crypt:1)
  25 orc priests
  A gnoll bouda (D:10)
  Crazy Yiuf (D:5)
  2 sleepcaps
  2 iguanas
  26 orc wizards
  2 hell rats (Lair:4)
  15 mummies
  7 gnolls
  11 adders
  6 river rats (Lair:4)
  6 white imps
  3 ufetubi (Abyss:2)
  A worm (D:2)
  3 dart slugs (D:1)
  86 orcs
  6 ball pythons
  A bat zombie (D:6)
  2 endoplasms
  3 giant cockroaches
  9 goblins
  6 hobgoblins
  3 quokkas (D:2)
  5 bats
  6 frilled lizards
  2 gnoll skeletons (Ossuary)
  4 goblin skeletons (Ossuary)
  8 kobolds
  2 kobold skeletons (Ossuary)
  An orc zombie (Crypt:1)
  6 rats
  11 rat skeletons (Ossuary)
  A rat zombie (D:6)
  A briar patch (Snake:3)
1822 creatures vanquished.

Vanquished Creatures (collateral kills)
  A Killer Klown (Zot:4)
  4 golden dragons
  The ghost of Mefral the Scholar of Death, an adept DsNe of Kikubaaqudgha (Vaults:3)
  4 tentacled monstrosities
  A quicksilver dragon (Depths:4)
  A deep elf blademaster (Elf:3)
  A storm dragon (Zot:4)
  A sphinx (Vaults:4)
  2 draconian monks (Depths:4)
  4 fire giants
  2 nagarajas
  An iron dragon (Depths:3)
  A deep elf sorcerer (Elf:3)
  4 vault wardens
  2 ironbound preservers
  A draconian annihilator (Depths:4)
  A stone giant (D:15)
  2 black draconians (Depths:4)
  2 very ugly things (Vaults:1)
  A green draconian (Depths:4)
  2 deep elf annihilators (Elf:3)
  A bunyip (Swamp:1)
  3 white draconians (Depths:4)
  A yellow draconian (Zot:4)
  2 red draconians (Depths:4)
  2 spark wasps (Depths:1)
  5 dire elephants
  An entropy weaver (Vaults:1)
  3 ice dragons
  2 vault guards
  A salamander tyrant (Snake:4)
  3 hydras
  2 spriggan air magi
  3 centaur warriors
  A jorogumo (shapeshifter) (Depths:2)
  An ironbound frostheart (Vaults:1)
  An anaconda (Snake:1)
  2 dancing weapons
  A deep troll shaman (Depths:1)
  An alligator (Swamp:4)
  A naga warrior (Snake:3)
  2 shock serpents
  A spriggan berserker (Depths:2)
  5 naga sharpshooters
  A titan skeleton (Depths:1)
  2 salamander mystics
  An iron troll (Depths:3)
  2 goliath frogs
  3 swamp dragons
  3 bog bodies (Swamp:1)
  A deep troll (shapeshifter) (Depths:2)
  A spriggan druid (Swamp:1)
  2 death drakes (Depths:4)
  17 deep trolls
  A sea snake (Snake:2)
  3 naga ritualists
  2 harpies
  An ironbound convoker (Vaults:5)
  6 mana vipers
  3 deep elf zephyrmancers
  2 orc knights (Vaults:1)
  3 ugly things
  A necromancer (Depths:1)
  2 lindwurms
  An orc sorcerer (Orc:2)
  2 salamanders
  A shining eye (shapeshifter) (Vaults:4)
  3 will-o-the-wisps
  A manticore (Lair:5)
  A vault sentinel (Vaults:4)
  5 moths of wrath
  A guardian serpent (Snake:4)
  10 black mambas
  6 naga magi
  5 yaktaurs
  A rime drake (Lair:5)
  A troll (D:15)
  3 hornets
  A polar bear (D:14)
  3 slime creatures
  A large abomination (Depths:4)
  A water elemental (Depths:4)
  An air elemental (Elf:2)
  3 spriggans
  A human (D:13)
  A fire elemental (Orc:2)
  3 vampire mosquitoes
  A redback (Vaults:1)
  5 swamp worms
  10 nagas
  A hell hound (D:12)
  A black bear (D:14)
  2 swamp drakes (Swamp:4)
  A small abomination (Depths:4)
  3 centaurs (D:13)
  An earth elemental (Elf:3)
  2 electric eels (Snake:1)
  A hound (D:14)
  An orc priest (Orc:1)
  3 orc wizards (Orc:2)
  4 orcs (Orc:2)
  A briar patch (Snake:3)
234 creatures vanquished.

Vanquished Creatures (others)
  A dread lich (Vaults:5)
  A draconian scorcher (Zot:4)
  A caustic shrike zombie (Depths:2)
  A juggernaut zombie (Depths:2)
  A very ugly thing zombie (Depths:1)
  An alligator (Snake:3)
  A naga warrior (Snake:4)
  A naga sharpshooter (Snake:4)
  A deep elf knight (Elf:3)
  A hell knight (Vaults:5)
  2 storm dragon zombies
  4 anaconda zombies
  A ghost moth zombie (Zot:3)
  A deep elf pyromancer (Elf:1)
  4 shadow dragon zombies
  7 ugly thing zombies
  3 draconian zombies
  A goliath frog zombie (Snake:3)
  2 stone giant zombies
  6 fire giant zombies
  A shock serpent zombie (Snake:3)
  A dire elephant zombie (Vaults:1)
  2 swamp worm zombies
  4 red draconian zombies
  3 unseen horror zombies
  A black draconian zombie (Zot:1)
  A sea snake zombie (Snake:2)
  A green draconian zombie (Depths:4)
  2 mana viper zombies
  A yellow draconian zombie (Zot:1)
  A redback zombie (Vaults:1)
  4 purple draconian zombies
  An iron troll zombie (Depths:3)
  3 hydra zombies
  2 harpy zombies (Vaults:2)
  3 bloated husks
  A great orb of eyes zombie (Vaults:4)
  4 ice dragon zombies
  7 moth of wrath zombies
  3 ettin zombies
  2 guardian serpent zombies
  2 fire dragon zombies (Depths:2)
  14 deep troll zombies
  10 black mamba zombies
  An air elemental (Elf:2)
  6 slime creature zombies (Vaults:4)
  5 spriggan zombies
  3 tyrant leech zombies
  4 salamander zombies (Snake:4)
  A two-headed ogre zombie (D:12)
  10 human zombies
  4 swamp dragon zombies
  4 hornet zombies
  A swamp drake (Swamp:2)
  16 elf zombies
  A ghost crab zombie (Swamp:3)
  11 vampire mosquito zombies
  4 yaktaur zombies
  3 hell hound zombies
  A warg zombie (D:15)
  2 troll zombies
  5 centaur zombies
  A basilisk zombie (D:12)
  4 tengu zombies
  An acid dragon zombie (D:12)
  An ogre zombie (Orc:2)
  27 naga zombies
  A swamp drake zombie (Swamp:4)
  52 orc zombies
  3 briar patches (Snake:3)
  11 foxfires
  37 fungi
  A lurking horror (Abyss:2)
  90 plants
  4 starspawn tentacles (Abyss:2)
  2 withered plants (Zot:4)
432 creatures vanquished.

Grand Total: 2488 creatures vanquished

Notes
Turn   | Place    | Note
-------+----------+-------------------------------------------
     0 | D:1      | CrazyBamboolord the Draconian Artificer began the quest for
                  | the Orb.
     0 | D:1      | Reached XP level 1. HP: 16/16 MP: 1/1
   223 | D:1      | Reached XP level 2. HP: 23/23 MP: 2/2
   854 | D:1      | Reached XP level 3. HP: 28/28 MP: 3/3
   964 | D:2      | Found Menangoyra's Weapon Shop.
  1063 | D:2      | Reached skill level 1 in Stealth
  1316 | D:2      | Reached XP level 4. HP: 36/36 MP: 4/4
  1409 | D:2      | Found an ancient bone altar of Kikubaaqudgha.
  1709 | D:3      | Found Ynexukha's Weapon Shop.
  1734 | D:3      | Noticed Sigmund
  1746 | D:3      | Killed Sigmund
  1747 | D:3      | Reached skill level 1 in Short Blades
  1747 | D:3      | Reached XP level 5. HP: 27/42 MP: 5/5
  1979 | D:3      | Reached XP level 6. HP: 44/50 MP: 6/6
  2414 | D:4      | Found an opulent altar of Gozag.
  2415 | D:4      | Found a runed translucent gate.
  2415 | D:4      | Found a runed translucent gate.
  2415 | D:4      | Found a runed translucent gate.
  2420 | D:4      | Noticed a yak
  2421 | D:4      | Noticed Pascal76's ghost (novice GrBe)
  2591 | D:4      | Found Uligupog's General Store.
  2653 | D:4      | Found a stormy altar of Qazlal.
  2873 | D:4      | Found a burning altar of Makhleb.
  2873 | D:4      | Found a snail-covered altar of Cheibriados.
  2873 | D:4      | Found a hazy altar of Hepliaklqana.
  3160 | D:4      | Found Nur Zatut's Assorted Antiques.
  3168 | D:4      | Bought a runed rapier for 203 gold pieces
  3168 | D:4      | Bought a scroll labelled JUSURA WOAF for 29 gold pieces
  3488 | D:5      | Entered Level 5 of the Dungeon
  3501 | D:5      | Your scales start taking on a dull iron-grey colour.
  3501 | D:5      | Reached XP level 7. HP: 46/57 MP: 7/7
  3707 | D:5      | Found Raumodghi's Weapon Boutique.
  3720 | D:5      | Reached skill level 5 in Dodging
  3793 | D:5      | Found a sand-covered staircase.
  3803 | Ossuary  | Entered an ossuary
  4280 | D:5      | Reached XP level 8. HP: 66/66 MP: 8/8
  4397 | D:5      | Reached skill level 5 in Short Blades
  4473 | D:5      | Found a runed translucent door.
  4474 | D:5      | Noticed Crazy Yiuf
  4691 | D:5      | Killed Crazy Yiuf
  4765 | D:5      | Identified the +0 leather armour "Imitiaz" {Rampage Str+2}
  4838 | D:5      | Reached skill level 5 in Evocations
  5405 | D:6      | Reached XP level 9. HP: 52/72 MP: 9/9
  5578 | D:6      | Reached skill level 5 in Fighting
  5736 | D:6      | Found an ancient bone altar of Kikubaaqudgha.
  5814 | D:6      | Identified the +5 rapier of Devotion {heavy, Int-2 Dex+3}
  5819 | D:6      | Found Batsuhah's General Store.
  5827 | D:6      | Bought a scroll of teleportation for 42 gold pieces
  5992 | D:7      | Found a staircase to the Ecumenical Temple.
  6081 | Temple   | Entered the Ecumenical Temple
  6206 | Temple   | Became a worshipper of Uskayaw the Reveller
  6261 | D:7      | Reached * piety under Uskayaw
  6263 | D:7      | Reached ** piety under Uskayaw
  6561 | D:8      | Noticed Amaemon
  6561 | D:8      | Noticed an orange demon
  6562 | D:8      | Killed an orange demon
  6563 | D:8      | Reached skill level 1 in Invocations
  6563 | D:8      | Reached XP level 10. HP: 83/83 MP: 10/10
  6822 | D:8      | Found a staircase to the Lair.
  6824 | D:8      | Noticed Prince Ribbit
  6837 | D:8      | Killed Prince Ribbit
  6866 | D:8      | Reached *** piety under Uskayaw
  6867 | D:8      | Killed Amaemon
  6930 | D:8      | Noticed Pikel
  6939 | D:8      | Killed Pikel
  6940 | D:8      | Reached skill level 5 in Stealth
  7571 | D:9      | Found a flagged portal.
  7582 | Bailey   | Entered a bailey
  7749 | Bailey   | Noticed an orc knight
  7760 | Bailey   | Killed an orc knight
  8068 | D:9      | Found a shadowy altar of Dithmenos.
  8069 | D:9      | Found a sacrificial altar of Ru.
  8092 | D:9      | Noticed a green ugly thing
  8096 | D:9      | Killed a green ugly thing
  8097 | D:9      | Reached **** piety under Uskayaw
  8489 | D:9      | Noticed a two-headed ogre
  8497 | D:9      | Killed a two-headed ogre
  8778 | D:10     | Entered Level 10 of the Dungeon
  8820 | D:10     | Found Goimac's Distillery.
  8842 | D:10     | Reached XP level 11. HP: 91/91 MP: 13/13
  8855 | D:10     | Bought a potion of curing for 48 gold pieces
  8855 | D:10     | Bought a potion of curing for 48 gold pieces
  8922 | D:10     | Found a staircase to the Orcish Mines.
  8924 | D:10     | Found Byfosh's Weapon Shop.
  9131 | D:10     | Reached skill level 10 in Short Blades
  9323 | D:10     | Noticed a two-headed ogre
  9329 | D:10     | Killed a two-headed ogre
  9467 | D:10     | Found an iron altar of Okawaru.
  9614 | D:10     | Identified the +4 sling of Gozag's Castigation {heavy,
                  | rElec MP+9 Str+5 Int-2}
  9754 | D:11     | Noticed a boulder beetle
  9754 | D:11     | Noticed a cyan ugly thing
  9766 | D:11     | Killed a boulder beetle
  9771 | D:11     | Killed a cyan ugly thing
 10055 | D:11     | Found Bemoi's Distillery.
 10061 | D:11     | Noticed a two-headed ogre
 10068 | D:11     | Killed a two-headed ogre
 10074 | D:11     | Bought a potion of heal wounds for 60 gold pieces
 10074 | D:11     | Bought a potion of curing for 36 gold pieces
 10074 | D:11     | Bought a potion of curing for 36 gold pieces
 10074 | D:11     | Bought a potion of heal wounds for 60 gold pieces
 10268 | D:11     | Found Cyc Sups's Jewellery Shoppe.
 10405 | D:11     | Found Lealex's General Store.
 10424 | D:11     | Bought a potion of heal wounds for 65 gold pieces
 10633 | D:11     | Found Dees's Magic Scroll Shop.
 10645 | D:11     | Bought a scroll of blinking for 82 gold pieces
 10687 | D:11     | Bought a ring of poison resistance for 240 gold pieces
 10763 | D:11     | Found the +5 glaive of the Guard {elec, spectral, AC+5}
 11020 | Lair:1   | Entered Level 1 of the Lair of Beasts
 11130 | Lair:1   | Reached skill level 1 in Shields
 11136 | Lair:1   | Reached ***** piety under Uskayaw
 11148 | Lair:1   | Reached ****** piety under Uskayaw
 11149 | Lair:1   | Reached XP level 12. HP: 19/101 MP: 15/15
 11153 | Lair:1   | Reached skill level 5 in Invocations
 11631 | Lair:1   | Noticed Harold
 11641 | Lair:1   | Killed Harold
 11944 | Lair:2   | Noticed a six-headed hydra
 11956 | Lair:2   | Killed a six-headed hydra
 12349 | Lair:2   | Noticed a death yak
 12363 | Lair:2   | Killed a death yak
 12607 | Lair:2   | Noticed Fannar
 12616 | Lair:2   | Killed Fannar
 13105 | Lair:3   | Found a staircase to the Snake Pit.
 13133 | Lair:3   | Reached skill level 10 in Dodging
 13133 | Lair:3   | Reached XP level 13. HP: 80/111 MP: 13/18
 13377 | Lair:3   | Found a staircase to the Swamp.
 14406 | Lair:4   | You fall into a shaft and drop 1 floor!
 14406 | Lair:5   | Entered Level 5 of the Lair of Beasts
 14470 | Lair:5   | Reached skill level 10 in Fighting
 14939 | Lair:4   | Identified a scroll of acquirement
 14942 | Lair:4   | Acquired 427 gold pieces
 15266 | Lair:4   | Identified the +8 scimitar of Ishreshreu {flame, rCorr
                  | Str+2 Int+2 Dex+2}
 15874 | D:4      | Bought the +9 sword of Zonguldrok {reap} for 1040 gold
                  | pieces
 15874 | D:4      | Found the +9 sword of Zonguldrok {reap}
 15922 | D:4      | Bought a potion of curing for 87 gold pieces
 16541 | Lair:5   | Found a staircase to the Slime Pits.
 16542 | Lair:5   | Noticed Josephine
 16556 | Lair:5   | Reached XP level 14. HP: 122/122 MP: 20/20
 16557 | Lair:5   | Killed Josephine
 17241 | Orc:1    | Entered Level 1 of the Orcish Mines
 17433 | Orc:1    | Reached skill level 1 in Long Blades
 17565 | Orc:2    | Entered Level 2 of the Orcish Mines
 17587 | Orc:2    | Noticed Azrael
 17591 | Orc:2    | Found a staircase to the Elven Halls.
 17596 | Orc:2    | Killed Azrael
 18684 | Orc:2    | Found Zokaiwou's Assorted Antiques.
 18684 | Orc:2    | Found Syuc's Book Emporium.
 18685 | Orc:2    | Found Qiolod's General Store.
 18689 | Orc:2    | Found Korghaif's Jewellery Shoppe.
 18692 | Orc:2    | Bought a potion of heal wounds for 120 gold pieces
 19605 | D:12     | Identified the amulet "Pack" {RegenMP rC+ Dex+6}
 19706 | D:12     | Reached skill level 5 in Long Blades
 19802 | D:12     | Noticed Snorg
 19806 | D:12     | Killed Snorg
 19870 | D:12     | Noticed Gastronok
 19882 | D:12     | Reached skill level 10 in Evocations
 20146 | D:12     | Killed Gastronok
 20408 | D:13     | Found a gate to the Vaults.
 21227 | D:12     | Found a runed translucent door.
 22002 | D:4      | Killed Pascal76's ghost
 22233 | Orc:2    | Bought the ring "Zylioptu" {rPois Str+2 Dex+6 Stlth+} for
                  | 704 gold pieces
 22840 | D:13     | Found a runed translucent door.
 22880 | D:13     | Reached XP level 15. HP: 130/130 MP: 22/22
 23349 | D:13     | Identified the +4 war axe of Plague {speed, rN+ Str+3}
 23823 | D:14     | Found a huge runed translucent gate.
 23823 | D:14     | Found a huge runed translucent gate.
 23823 | D:14     | Found a huge runed translucent gate.
 23925 | D:14     | Found Ydaciom's Weapon Boutique.
 24024 | D:14     | Found a huge runed translucent gate.
 24085 | D:14     | Noticed Nessos
 24095 | D:14     | Killed Nessos
 24317 | D:14     | Your ally Nessos died
 24733 | Swamp:1  | Entered Level 1 of the Swamp
 25114 | Swamp:1  | Reached skill level 10 in Long Blades
 25345 | Swamp:1  | Identified the ring of Plog {Fire Drain Str+4 Int-2 Dex+5}
 25661 | Swamp:2  | Noticed Louise
 25678 | Swamp:2  | Killed Louise
 26487 | Swamp:3  | Noticed Bai Suzhen
 26542 | Swamp:3  | Killed Bai Suzhen
 26543 | Swamp:3  | Reached XP level 16. HP: 39/141 MP: 23/23
 27336 | Swamp:4  | Entered Level 4 of the Swamp
 27850 | Swamp:3  | Reached skill level 5 in Shields
 28003 | Swamp:4  | Got a decaying rune of Zot
 28607 | Snake:1  | Entered Level 1 of the Snake Pit
 29093 | Snake:1  | Found Vahyq's Distillery.
 29103 | Snake:1  | Bought a potion of curing for 39 gold pieces
 29249 | Snake:1  | Found a runed translucent door.
 29292 | Snake:1  | Noticed Ophim's ghost (adept TrFi)
 29373 | Snake:1  | Found Piadezif's Weapon Shop.
 29917 | Snake:1  | Killed Ophim's ghost
 29918 | Snake:1  | Reached XP level 17. HP: 116/150 MP: 24/24
 30214 | D:11     | Bought a ring of protection from fire for 300 gold pieces
 31204 | Snake:2  | Noticed Aizul
 31225 | Snake:2  | Killed Aizul
 31571 | Snake:2  | Noticed Frances
 31581 | Snake:2  | Killed Frances
 31661 | Snake:2  | Noticed Mlioglotl
 31675 | Snake:2  | Killed Mlioglotl
 32371 | Snake:3  | Found Kiamoygh's Book Emporium.
 32376 | Snake:3  | Found Syneomiu's Weapon Emporium.
 32603 | Snake:3  | Noticed a tentacled monstrosity
 32629 | Snake:3  | Killed a tentacled monstrosity
 33405 | Snake:3  | Found Geixug's Weapon Shoppe.
 33497 | Snake:3  | Found Zaqalywni's Antique Armour Emporium.
 33851 | Snake:3  | Found Fujafer's Book Emporium.
 33897 | Snake:4  | Entered Level 4 of the Snake Pit
 34700 | Snake:4  | Found a glowing silver altar of Zin.
 34723 | Snake:4  | Reached XP level 18. HP: 145/161 MP: 25/25
 34857 | Snake:4  | Reached skill level 10 in Shields
 35388 | Snake:4  | Reached skill level 15 in Fighting
 35980 | Snake:4  | Got a serpentine rune of Zot
 36309 | Orc:2    | Bought a condenser vane for 960 gold pieces
 36409 | D:15     | Entered Level 15 of the Dungeon
 36562 | D:15     | Found a hazy altar of Hepliaklqana.
 36604 | D:15     | Found a hide-covered altar of Uskayaw.
 37100 | D:15     | Found a staircase to the Depths.
 37447 | Depths:1 | Entered Level 1 of the Depths
 37490 | Depths:1 | Found a white marble altar of Elyvilon.
 37490 | Depths:1 | Found a runed translucent door.
 38241 | Depths:1 | Found a gateway to Hell.
 38681 | Depths:1 | Found a radiant altar of Vehumet.
 39032 | Depths:1 | Reached XP level 19. HP: 170/170 MP: 26/26
 39652 | Vaults:1 | Entered Level 1 of the Vaults
 39656 | Vaults:1 | Reached skill level 15 in Dodging
 40781 | Vaults:1 | Found Amaesou's Armour Emporium.
 42447 | Vaults:3 | Found a staircase to the Crypt.
 42877 | Vaults:3 | Reached XP level 20. HP: 168/184 MP: 27/27
 43174 | Vaults:3 | Found a large runed translucent door.
 43174 | Vaults:3 | Found a large runed translucent door.
 43175 | Vaults:3 | Noticed Mefral's ghost (adept DsNe)
 43770 | Vaults:3 | Reached skill level 15 in Shields
 43947 | Vaults:3 | Found Zuhoib's Weapon Shoppe.
 44188 | Vaults:3 | Killed Mefral's ghost
 45465 | Vaults:4 | Identified the +0 kite shield of Idealism {rN+}
 45465 | Vaults:4 | Noticed Donald
 45482 | Vaults:4 | Killed Donald
 46401 | Vaults:5 | Entered Level 5 of the Vaults
 46719 | Vaults:4 | Reached XP level 21. HP: 148/185 MP: 28/28
 46800 | Vaults:5 | Paralysed by an ogre mage for 3 turns
 47241 | Vaults:5 | Noticed Boris
 47245 | Vaults:5 | Noticed a golden dragon
 47464 | Vaults:4 | Killed Boris
 47468 | Vaults:4 | Killed a golden dragon
 47926 | Vaults:5 | Paralysed by a sphinx for 5 turns
 48316 | Vaults:5 | Paralysed by a floating eye for 4 turns
 48334 | Vaults:4 | Gained mutation: You are frail. (-10% HP) [a shining eye]
 48336 | Vaults:4 | Lost mutation: You are frail. (-10% HP) [potion of
                  | mutation]
 48336 | Vaults:4 | Gained mutation: You are weak. (Str -2) [potion of
                  | mutation]
 48336 | Vaults:4 | Gained mutation: You are vulnerable to cold. (rC-) [potion
                  | of mutation]
 48336 | Vaults:4 | Lost mutation: You are weak. (Str -2) [potion of mutation]
 48336 | Vaults:4 | Gained mutation: Your mind is acute. (Int +4, Str/Dex -1)
                  | [potion of mutation]
 48337 | Vaults:4 | Lost mutation: You are vulnerable to cold. (rC-) [potion of
                  | mutation]
 48337 | Vaults:4 | Lost mutation: Your mind is acute. (Int +4, Str/Dex -1)
                  | [potion of mutation]
 48337 | Vaults:4 | Gained mutation: You have sharp toenails. [potion of
                  | mutation]
 49219 | Vaults:5 | Got a silver rune of Zot
 49220 | Vaults:5 | Identified the +9 battleaxe "Hyistisy" {spect, rPois rF-
                  | rC+ Str+4}
 49670 | Vaults:5 | Identified the amulet "Wacaedef" {Acrobat Str+3 Slay-6}
 49672 | Vaults:5 | Identified the staff of fire "Puacvegoi" {rPois rF+ rC+}
 50360 | Vaults:5 | Identified the +6 long sword "Sutyrgh" {freeze, *Rage rPois
                  | SInv}
 50367 | Vaults:5 | Identified the +0 glaive "Jawusoas" {freeze, Int+7 Dex+3}
 50370 | Vaults:5 | Identified the +1 mace of Stickiness {pain, rElec Dex+3}
 50377 | Vaults:5 | Identified the +12 flail "Sugyism" {freeze, Will+}
 50391 | Vaults:5 | Identified the ring "Ziczufio" {rPois Int+5}
 50508 | Vaults:5 | Identified the staff of fire "Ranych" {rF+ rC- Str+7 Int-2
                  | Dex+8}
 50509 | Vaults:5 | Identified the ring of Limez {Fly Str+2}
 50533 | Vaults:5 | Noticed a dread lich
 50548 | Vaults:5 | Paralysed by a dread lich for 4 turns
 50548 | Vaults:5 | Killed a dread lich
 51058 | D:10     | Bought a potion of haste for 160 gold pieces
 51058 | D:10     | Bought a potion of mutation for 128 gold pieces
 51201 | Depths:2 | Noticed a caustic shrike
 51211 | Depths:2 | Killed a caustic shrike
 51214 | Depths:2 | Paralysed by a floating eye for 4 turns
 51228 | Depths:2 | Paralysed by a floating eye for 3 turns
 51669 | Depths:2 | Noticed a juggernaut
 51885 | Elf:1    | Entered Level 1 of the Elven Halls
 51947 | Elf:1    | Found a gateway to a bazaar.
 52067 | Elf:1    | Noticed Roxanne
 52089 | Elf:1    | Killed Roxanne
 52147 | Elf:1    | Reached XP level 22. HP: 207/207 MP: 29/29
 52419 | Elf:1    | Found an ornate altar of the Wu Jian Council.
 52421 | Elf:1    | Found a transporter.
 52429 | Elf:1    | Noticed Nikola
 52432 | Elf:1    | Found a transporter.
 52447 | Elf:1    | Killed Nikola
 52448 | Elf:1    | Found a transporter.
 52615 | Elf:1    | Found a transporter.
 52616 | Elf:1    | Found an ornate altar of the Wu Jian Council.
 52723 | Elf:1    | Reached skill level 15 in Evocations
 52814 | Bazaar   | Entered a bazaar
 52985 | Bazaar   | Found Ygeghut's Book Shoppe.
 52985 | Bazaar   | Found Miqotet's Armour Shoppe.
 53025 | Bazaar   | Found Ruil's Jewellery Emporium.
 53025 | Bazaar   | Found Tulykhea's General Store.
 53055 | Bazaar   | Bought the ring "Huam" {rElec rN+ Str-2 Dex+2 Slay+2} for
                  | 593 gold pieces
 53055 | Bazaar   | Bought the ring "Fuleoj" {rF+++ rN+ Int+6} for 1150 gold
                  | pieces
 53195 | Bazaar   | Bought a scroll of magic mapping for 112 gold pieces
 54140 | Elf:2    | Found a runed translucent gate.
 54143 | Elf:2    | Found a runed translucent gate.
 54144 | Elf:2    | Found a runed translucent gate.
 54177 | Elf:2    | Found Imuit's Jewellery Shop.
 54178 | Elf:2    | Found Ukhoakitt's Book Emporium.
 54178 | Elf:2    | Found Rikketoa's Book Emporium.
 54520 | Elf:3    | Entered Level 3 of the Elven Halls
 55378 | Elf:3    | Found Xestrani's Armour Shop.
 56252 | Elf:3    | Identified the +2 leather armour of the Moon Troll {Int+3
                  | Dex+3}
 56257 | Abyss:2  | Cast into level 2 of the Abyss (a deep elf sorcerer)
 56733 | Abyss:2  | Found a corrupted altar of Lugonu.
 57219 | Elf:3    | Escaped the Abyss
 57423 | Elf:3    | Identified the +5 double sword "Mic Yfye" {protect, Drain
                  | rC++ MP+9}
 57447 | Elf:3    | Reached skill level 15 in Long Blades
 57729 | Elf:3    | Found the +3 giant club "Skullcrusher" {speed, Str+7}
 57745 | Elf:3    | Identified the +3 rapier "Reuqep" {heavy, Will+ Int+3}
 57748 | Elf:3    | Got the Cyclopedia of Putridity and Moulding
 57755 | Elf:3    | Identified the +11 dagger of Karma {pain, rN+ Int+3}
 57759 | Elf:3    | Identified the +9 rapier of the Enchanting Enemy {flame,
                  | rC+}
 57767 | Elf:3    | Identified the staff of fire "Vuynuamo" {rPois rF+ rC+
                  | Will+}
 57818 | Elf:3    | Got the Secrets of the Well-Known Knives
 58378 | Depths:2 | Noticed a caustic shrike
 58600 | Depths:2 | Upgraded the game from 0.30-a0-1059-g7dea3e163d to
                  | 0.30-a0-1070-gd49b78fada
 58602 | Depths:2 | Paralysed by a floating eye for 4 turns
 58613 | Depths:2 | Found a one-way gateway to a ziggurat.
 58613 | Depths:2 | Noticed a golden dragon
 58658 | Depths:2 | Reached XP level 23. HP: 60/217 MP: 30/30
 59074 | Depths:2 | Killed a juggernaut
 59080 | Depths:2 | Identified the +1 leather armour of Duseus {Harm}
 59419 | Depths:2 | Found a sparkling altar of Nemelex Xobeh.
 59422 | Depths:2 | Killed a caustic shrike
 60085 | Depths:2 | Found a one-way gate leading to the halls of Pandemonium.
 60190 | Depths:3 | Found a one-way gate to the infinite horrors of the Abyss.
 60222 | Depths:3 | Noticed a caustic shrike
 60596 | Depths:3 | Identified the +10 shortbow of Lachrymose Punishment
                  | {freeze, Str+2 Dex+3}
 60633 | Depths:3 | Killed a caustic shrike
 60705 | Depths:3 | Identified the +0 ring mail of Philately {*Slow rF+++ Will+
                  | Stlth+}
 60708 | Depths:3 | Identified the +7 great mace "Pippamub" {speed, rC+}
 60709 | Depths:3 | Identified the +9 spear of Big Damage {drain, rPois Str-4
                  | Int+4 Stlth+}
 60716 | Depths:3 | Identified the staff of conjuration "Cuegowydgh" {rF+++
                  | MP+9 Dex-4 SInv}
 61484 | Depths:4 | Entered Level 4 of the Depths
 61501 | Depths:4 | Noticed a juggernaut
 61531 | Depths:4 | Killed a juggernaut
 62216 | Depths:4 | Found an opulent altar of Gozag.
 62462 | Depths:4 | Found a shimmering blue altar of Sif Muna.
 62773 | Depths:4 | Identified the +10 hand axe of the Blushing Vulture {vamp,
                  | *Rage Str+3}
 62792 | Depths:4 | Found a gate to the Realm of Zot.
 62837 | Depths:4 | Identified the staff of death "Dafug" {rN+ Str+4 Int-2}
 63327 | Depths:4 | Reached XP level 24. HP: 226/228 MP: 30/30
 63960 | Zot:1    | Entered Level 1 of the Realm of Zot
 65958 | Zot:1    | Identified the +1 robe "Wustagh" {SInv}
 66882 | Zot:2    | Noticed an orb of fire
 66905 | Zot:2    | Killed an orb of fire
 67413 | Zot:3    | Noticed a Killer Klown
 67434 | Zot:3    | Killed a Killer Klown
 69326 | Zot:4    | Found a runed translucent door.
 69327 | Zot:4    | Noticed Sorch's ghost (legendary GrMo)
 69565 | Zot:4    | Reached XP level 25. HP: 224/238 MP: 30/30
 69693 | Zot:4    | Noticed a Killer Klown
 69699 | Zot:4    | Killed a Killer Klown
 70528 | Zot:4    | Killed Sorch's ghost
 70947 | Crypt:1  | Entered Level 1 of the Crypt
 71042 | Crypt:1  | Noticed Grunn
 71079 | Crypt:1  | Noticed Zenata
 71081 | Crypt:1  | Killed from afar by Zenata

Illustrated notes

Levels and vault maps discovered:
D:1:      dpeg_arrival_simpleton_b, layout_loops_ring
D:2:      layout_basic, serial_shops, nicolae_shop_advertising_works
          [nicolae_subvault_shop_adworks], basic_altar, minmay_tetromino_t4
D:3:      layout_loops_ring, serial_shops, shop, uniq_sigmund
D:4:      wander_river, layout_basic, mainiacjoe_overflow_concentric_impassable,
          gammafunk_temple_overflow_claw, ebering_ghost_gozag, serial_shops,
          nicolae_shop_waterfront, nicolae_stop_n_shop_1, palyth_stone_intersect
D:5:      layout_loops_ring, nicolae_ossuary_entry_monument, serial_shops,
          nicolae_shop_bloodbath_and_beyond, serial_glass, glass_columns_c,
          glass_columns_b, dk_noncrumbling_4, kennysheep_path_1,
          uniq_crazy_yiuf_cottage
D:6:      layout_basic, lemuel_zombie_altar_kikubaaqudgha, serial_shops,
          nicolae_shop_waterfront
D:7:      layout_basic, minmay_temple_entry_tees, nrook_loot_triangle
D:8:      layout_loops_cross, dpeg_oklobed_lair, uniq_prince_ribbit1,
          uniq_pikel, uniq_amaemon
D:9:      layout_stronghold, nicolae_overflow_two_pavilions, enter_bailey_2,
          serial_column_ruins, column_ruins_corridor_straight,
          column_ruins_grid_1, column_ruins_grid_4,
          column_ruins_columns_straight, column_ruins_grid_1,
          column_ruins_open_large
D:10:     layout_stronghold, kennysheep_mini_moat, orc_david_3, serial_shops,
          nicolae_shop_stone, minmay_crystal_water, minmay_quadrilaterals
D:11:     layout_layer_cave, portal_ice_cave_rime, serial_shops, shop,
          shop_coins, nicolae_lakefront_shop, shop_coins, minivault_25_ag,
          serial_bayou_ford_a
D:12:     mludivico_vault, layout_loops_ring, uniq_snorg, uniq_gastronok
D:13:     layout_grid_maze, david_vaults_3, lightli_airlock
D:14:     lemuel_bear_cage, layout_loops_ring, nicolae_elevator_lobby_asterisk,
          serial_shops, nicolae_shop_crystal, drop_trap, hangedman_decor_push,
          uniq_nessos
D:15:     grunt_enter_depths_snipers, layout_irregular_city,
          nicolae_uskayaw_en_pointe, minmay_misc_feat_four_crosses,
          worldfamousw_hep_ancestral_shrine
Temple:   nicolae_temple_great_sept
Lair:1:   layout_big_grid, serial_bayou_lagoon_b, grunt_megastairs_1,
          uniq_harold
Lair:2:   layout_long_grid, uniq_fannar
Lair:3:   layout_gridlike, skrybe_swamp_entry_bodies,
          minmay_snake_entry_six_corridors, infiniplex_staircase_pool
Lair:4:   layout_cave_pods, gauntlet_entry_generic, kennysheep_abandoned_house
Lair:5:   gammafunk_lair_ancient_temple, layout_long_grid, slime_entry_1,
          uniq_josephine
Swamp:1:  layout_basic_swamp, evilmike_swamp_ruin_house_1
Swamp:2:  layout_basic_swamp, serial_swamp_ruin, hangedman_swamp_ruin_wall,
          evilmike_swamp_ruin_house_2, evilmike_swamp_ruin_house_5, uniq_louise
Swamp:3:  layout_falls_marsh, nicolae_swamp_stair_fork, uniq_bai_suzhen
Swamp:4:  swamp_alternative, layout_basic_swamp
Snake:1:  layout_chambers, hellmonk_ghost_happy_afterlife, serial_shops,
          shop_fountains, minmay_shop_star, serial_bayou_shore_a
Snake:2:  layout_chambers, eino_curves_02, nicolae_snake_springs,
          uniq_mlioglotl, uniq_frances, uniq_aizul
Snake:3:  onia_ninara_swampy_vault, layout_cave_town, serial_shops, shop,
          nicolae_lakefront_shop, nicolae_lakefront_shop, nicolae_shop_stone,
          shop
Snake:4:  snake_pit, layout_cave_town, basic_altar, grunt_megastairs_3
Orc:1:    layout_caves, uniq_maurice
Orc:2:    st_orc_mages, layout_caves, uniq_azrael
Elf:1:    dreamdust_wu_jian_sword_trials, layout_geoelf_grid, serial_shops,
          freezing_bzr, kennysheep_underground_church, uniq_nikola, uniq_roxanne
Elf:2:    elven_hall_of_blades_hangedman_original
          [nicolae_blade_entry_area_security], layout_onion_city,
          onia_ninara_cookie, minmay_shop_grove
Elf:3:    minmay_elf_hall_four_x, layout_geoelf_diagonals, serial_shops,
          nicolae_shop_behind_doors
Vaults:1: grunt_vaults_hallway_short, v_rooms_1,
          nicolae_vaults_network_quinsquares
          [nicolae_vaults_network_quincunx_subvault,
          nicolae_vaults_network_quincunx_subvault,
          nicolae_vaults_network_quincunx_subvault,
          nicolae_vaults_network_quincunx_subvault],
          nicolae_vaults_big_angled_halls, v_misc_13, ontoclasm_vaults_chip,
          layout_vaults_chaotic_city, serial_shops, shop
Vaults:2: hangedman_vaults_corner_blocks, vaults_room_door_hall,
          ontoclasm_vaults_claustrophobia, nicolae_vaults_diagonal_hallway_8,
          hangedman_vaults_restitches, nicolae_vaults_disjoint_gnomons,
          nicolae_vaults_rhombus_6, v_misc_24, vaults_room_semicircle,
          v_misc_16, nicolae_vaults_ring_of_whatevers,
          nicolae_vaults_network_square, vaults_dpeg_hooks,
          ontoclasm_vaults_hangar, layout_vaults_omnicross
Vaults:3: ebering_ghost_disaster_area, v_misc_10, grunt_vaults_bifocal,
          grunt_vaults_twisty, vaults_room_corners,
          nicolae_vaults_sealed_display, v_misc_11, vaults_room_fancy_cross,
          vaults_room_semicircle, nicolae_vaults_border_crossing,
          minmay_crypt_entry_simple_box, nicolae_vaults_diagonal_hallway_7,
          layout_vaults_maze_snakey, serial_shops, shop
Vaults:4: v_rooms_2, nicolae_vaults_windows_and_doors_thing,
          hangedman_vaults_nails, vaults_room_glass_cross,
          ontoclasm_vaults_ligature, vaults_dpeg_diagonal,
          vaults_room_stairs_pillars, nicolae_vaults_little_ls,
          layout_vaults_omnigrid, uniq_donald
Vaults:5: serial_shops, uniq_boris
Crypt:1:  layout_regular_city, ebering_ghost_inner_flame,
          grunt_crypt_arrival_guarded_gate, roderic_lattice_octagonal_star,
          uniq_margery, uniq_grunn, uniq_zenata
Depths:1: layout_basic, hell_entry, nicolae_vehumet_radiance,
          lemuel_angel_altar, kennysheep_random_hallway
Depths:2: minmay_four_inscribed_fans, layout_cave_pools, enter_ziggurat_b,
          grunt_pan_entry_in_and_out, hell_entry,
          nemelex_xobeh_ov_fountains_minmay, st_stairs_14,
          hangedman_decor_peaks_small
Depths:3: minmay_strange_plus, layout_cave_shapes, pf_hell_entry_great_geh,
          nicolae_twisting_strands, abyss_entry, serial_bayou,
          serial_bayou_lagoon_a, serial_bayou_pond_b, serial_bayou_pond_a,
          serial_bayou_pond_d, serial_bayou_pond_e,
          infiniplex_staircase_zigzag_2
Depths:4: lemuel_castle_with_subvaults [lemuel_castle_interior_carwin_1],
          layout_cave_pools, minmay_room_of_horrors, hell_entry, led_sif_pool,
          nicolae_gozag_seed_capital
Zot:1:    layout_gridville
Zot:2:    layout_gridlike, grunt_ministairs_14, grunt_megastairs_4
Zot:3:    layout_twisted_circle, uniq_josephina
Zot:4:    layout_twisted_circle, gammafunk_ghost_grave

Skill      XL: |  1  2  3  4  5  6  7  8  9 10 11 12 13 14 15 16 17 18 19 20 21 22 23 24 25 |
---------------+----------------------------------------------------------------------------+-----
Dodging        | 3 4 5 7 8 9 10 11 12 13 14 15 16 17 18 19 20 21 | 21.0
Stealth        | 1 2 3 4 5 6 7 9 |  9.2
Fighting       | 2 3 4 5 6 8 9 10 11 12 13 14 16 17 18 19 20 21 22 | 22.2
Short Blades   | 1 2 4 6 8 9 11 12 13 | 13.5
Evocations     | 4 5 6 7 8 9 10 11 12 13 14 15 16 17 | 17.0
Invocations    | 1 3 4 7 8 9 |  9.6
Shields        | 1 4 6 9 12 14 16 18 19 20 22 | 22.3
Long Blades    | 7 11 13 15 16 17 | 17.5

Action                     |  1- 3 |  4- 6 |  7- 9 | 10-12 | 13-15 | 16-18 | 19-21 | 22-24 | 25-27 || total
---------------------------+-------+-------+-------+-------+-------+-------+-------+-------+-------++-------
  Melee: Club              |   111 |       |       |       |       |       |       |       |       ||   111
         Tailslap          |    18 |    26 |    49 |    71 |   184 |   208 |   333 |   500 |    44 ||  1433
         Punch             |     1 |     1 |     2 |     6 |    13 |       |       |       |       ||    23
         Dagger            |    44 |   161 |       |       |       |       |       |       |       ||   205
         Rapier            |       |     4 |   308 |   392 |   300 |       |       |       |       ||  1004
         Double sword      |       |       |       |       |   652 |  1016 |  1237 |  1848 |   150 ||  4903
         Scimitar          |       |       |       |       |    16 |    42 |       |       |       ||    58
 Invoke: Line Pass         |       |       |       |     1 |       |       |       |       |       ||     1
         Grand Finale      |       |       |       |     1 |     1 |       |     1 |       |       ||     3
  Evoke: Wand              |       |    11 |     1 |    27 |    20 |    22 |     2 |    30 |       ||   113
         Box of beasts     |       |       |       |     2 |     3 |     3 |       |     4 |       ||    12
         Condenser vane    |       |       |       |       |       |     1 |     3 |     3 |       ||     7
         Tin of tremorston |       |       |       |       |       |     1 |       |     4 |       ||     5
         Phantom mirror    |       |       |       |       |       |       |       |     4 |       ||     4
         Phial of floods   |       |       |       |       |       |       |       |     1 |       ||     1
    Use: Scroll            |     1 |     8 |    17 |    10 |    13 |     4 |    12 |    10 |       ||    75
         Potion            |       |       |       |       |     3 |     8 |    11 |    12 |       ||    34
   Stab: Sleeping          |     6 |     7 |    16 |    10 |    40 |    21 |    25 |    22 |     5 ||   152
         Distracted        |       |       |     3 |     6 |    25 |    25 |    21 |    34 |     3 ||   117
         Paralysed         |       |       |       |    31 |    75 |    94 |   131 |   154 |     8 ||   493
         Confused          |       |       |       |     1 |       |     2 |       |       |       ||     3
         Petrified         |       |       |       |       |     1 |       |       |       |       ||     1
 Armour: Skin              |    52 |    29 |   125 |   113 |   309 |   227 |   248 |   319 |    30 ||  1452
  Dodge: Dodged            |   130 |    97 |   315 |   389 |   951 |   654 |   679 |  1002 |    76 ||  4293
  Block: Other             |       |       |       |    42 |       |       |       |       |       ||    42
         Reflection        |       |       |       |     1 |       |    71 |    77 |    77 |       ||   226
         Buckler           |       |       |       |       |   113 |   311 |       |       |       ||   424
         Kite shield       |       |       |       |       |       |   559 |  1021 |       |       ||  1580
         Tower shield      |       |       |       |       |       |       |   156 |  2185 |   180 ||  2521

Table legend: (Time is in decaauts)
 A = Elapsed time spent in this place.
 B = Non-inter-level travel time spent in this place.
 C = Inter-level travel time spent in this place.
 D = Time resting spent in this place.
 E = Time spent auto-exploring this place.
 F = Levels seen in this place.
 G = Mean time per level.
                   A        B        C        D        E       F      G
               +--------+--------+--------+--------+--------+-----+--------+
         Total |  70251 |  63884 |   6367 |  12871 |  37255 |  52 | 1351.0 |
       Dungeon |  17469 |  14440 |   3029 |   1267 |  10398 |  15 | 1164.6 |
        Temple |    135 |    126 |      9 |      0 |     86 |   1 |  135.0 |
          Lair |   6146 |   5175 |    971 |    395 |   3855 |   5 | 1229.2 |
         Swamp |   3806 |   3685 |    121 |   1207 |   1644 |   4 |  951.5 |
     Snake Pit |   7036 |   6756 |    280 |    994 |   4439 |   4 | 1759.0 |
  Orcish Mines |   2239 |   1874 |    365 |    287 |   1055 |   2 | 1119.5 |
   Elven Halls |   4653 |   4292 |    361 |   1547 |   1536 |   3 | 1551.0 |
        Vaults |  11265 |  10728 |    537 |   2835 |   6041 |   5 | 2253.0 |
         Crypt |    122 |    122 |      0 |      0 |     42 |   1 |  122.0 |
        Depths |   9222 |   8812 |    410 |   2654 |   3985 |   4 | 2305.5 |
           Zot |   5970 |   5691 |    279 |    961 |   3803 |   4 | 1492.5 |
         Abyss |    930 |    930 |      0 |    353 |     12 |   1 |  930.0 |
        Bazaar |    437 |    437 |      0 |    260 |      0 |   1 |  437.0 |
       Ossuary |    461 |    461 |      0 |      0 |    305 |   1 |  461.0 |
        Bailey |    355 |    355 |      0 |    110 |     53 |   1 |  355.0 |
               +--------+--------+--------+--------+--------+-----+--------+

Top non-repeatable levels by time:
Vaults:4: 4337 daAuts
Depths:1: 2661 daAuts
Depths:4: 2572 daAuts
Depths:2: 2360 daAuts
 Snake:2: 2158 daAuts
Vaults:5: 2157 daAuts
    D:12: 2017 daAuts
   Elf:3: 1936 daAuts
Vaults:3: 1895 daAuts
    D:11: 1801 daAuts
 Snake:4: 1736 daAuts
 Snake:3: 1704 daAuts
   Zot:3: 1675 daAuts
   Orc:2: 1660 daAuts
Depths:3: 1626 daAuts
